Punishers vs Icehogs
Created - April 28, 2022 at 19:03
Goals
|
Punishers |
0 |
1 |
0 |
1 |
Icehogs |
0 |
3 |
1 |
4 |
|
Shots
|
Punishers |
6 |
7 |
8 |
21 |
Icehogs |
7 |
13 |
10 |
30 |
|
1st period
No Goal
Penalties :
No Penalty
2nd period
1. Icehogs , Michael Chaput 12 (Craig Cunningham 25, Curtis Lazar 24) at 0:57
2. Icehogs , Tanner Richard 22 (Stefan Matteau 18) at 2:35 (PP)
3. Icehogs , Andrew Mangiapane 7 (Dillon Dube 6) at 17:47
4. Punishers , Corey Tropp 41 (Tyler Bertuzzi 36) at 19:09
Penalties :
Artem Zub (Pro) for Abuse of Officials (Major / Game Misconduct) at 2:32
3rd period
5. Icehogs , Stefan Matteau 16 (Curtis Lazar 25, Tanner Richard 18) at 19:50 (PP)
Penalties :
Michael Chaput (Roc) for Holding (Minor) at 0:46, Fredrik Claesson (Pro) for Hooking (Minor) at 9:48, Andrew Mangiapane (Roc) for Interference (Minor) at 16:11, Anton Blidh (Pro) for Hooking (Minor) at 19:11
Goalie Stats
Louis Domingue (Pro), 26 saves from 30 shots - (0.867), L, 24-19-4, 60:00 minutes
Joe Cannata (Roc), 20 saves from 21 shots - (0.952), W, 18-19-1, 60:00 minutes
Players Stats for Punishers
Player Name G A P +/- PIM S H SB GA TA FO MP PP MP PK MP
------------------------------------------------------------------------------------
Alex Schoenborn 0 0 0 0 0 0 1 0 0 0 0/0 8:41 0:10 1:44
Alexander Nylander 0 0 0 0 0 0 0 0 0 0 0/0 3:09 0:11 0:00
Anton Blidh 0 0 0 0 2 0 1 0 0 0 0/0 15:25 0:00 1:47
Artem Zub 0 0 0 0 15 0 1 1 0 0 0/0 9:37 0:00 0:00
Austen Brassard 0 0 0 -1 0 3 1 0 0 1 0/0 14:34 0:00 0:00
Austin Wagner 0 0 0 0 0 0 0 0 0 0 0/0 0:46 0:00 0:12
Beck Malenstyn 0 0 0 0 0 0 0 0 0 0 0/0 2:03 0:00 1:27
Ben Betker 0 0 0 0 0 0 1 0 0 1 0/0 27:11 2:20 4:47
Carter Ashton 0 0 0 0 0 2 3 0 0 0 0/1 18:11 1:49 2:04
Chrstian Dvorak 0 0 0 0 0 1 1 0 0 0 0/2 16:00 1:49 0:00
Connor Clifton 0 0 0 0 0 1 2 1 0 1 0/0 21:33 2:20 2:12
Corey Tropp 1 0 1 0 0 4 2 0 1 0 6/8 23:41 2:09 3:45
Fredrik Claesson 0 0 0 -1 2 2 3 1 0 1 0/0 22:55 1:38 2:39
Gabriel Gagne 0 0 0 0 0 0 0 0 0 0 0/0 1:00 0:08 0:00
John Quenneville 0 0 0 0 0 4 2 2 0 0 3/9 16:31 1:49 0:31
Nicolas Roy 0 0 0 -1 0 0 2 0 0 0 1/4 14:26 0:00 0:00
Nikita Gusev 0 0 0 -1 0 3 6 1 0 0 0/0 14:26 0:00 0:00
Noah Juulsen 0 0 0 -1 0 0 2 0 0 1 0/0 21:33 1:28 3:30
Radek Faksa 0 0 0 0 0 0 0 2 0 1 12/25 19:33 2:01 2:04
Tyler Bertuzzi 0 1 1 0 0 1 4 2 0 0 0/0 21:05 1:58 3:46
Players Stats for Icehogs
Player Name G A P +/- PIM S H SB GA TA FO MP PP MP PK MP
------------------------------------------------------------------------------------
Andrew Mangiapane 1 0 1 0 2 5 0 1 1 0 0/0 13:23 0:00 0:28
Ben Harpur 0 0 0 -1 0 1 0 1 1 0 0/0 24:09 4:42 2:13
Calle Andersson 0 0 0 0 0 0 0 0 0 0 0/0 7:51 0:00 0:00
Craig Cunningham 0 1 1 1 0 4 0 0 0 0 2/2 19:28 2:56 1:55
Curtis Lazar 0 2 2 0 0 5 2 0 0 0 1/1 17:51 3:55 0:00
Dillon Dube 0 1 1 0 0 2 4 0 0 0 3/3 12:56 0:10 0:08
Duncan Siemens 0 0 0 1 0 1 0 1 0 1 0/0 9:23 0:00 0:00
Jeremy Davies 0 0 0 0 0 0 1 0 0 0 0/0 7:51 0:00 0:00
Julius Honka 0 0 0 1 0 0 1 0 0 0 0/0 9:23 0:00 0:00
Kevin Fiala 0 0 0 1 0 0 0 1 1 0 0/2 17:27 2:49 0:00
Kurtis Gabriel 0 0 0 0 0 3 1 0 0 0 0/0 13:15 0:42 0:00
Mattias Janmark 0 0 0 0 0 0 0 0 0 0 1/1 2:13 0:53 0:45
Michael Chaput 1 0 1 1 2 2 1 4 0 0 5/12 18:22 2:49 0:42
Mike Reilly 0 0 0 1 0 1 0 0 0 0 0/0 18:37 2:55 1:45
Mikhail Grigorenko 0 0 0 0 0 0 0 0 1 0 0/0 6:29 0:00 0:00
Myles Bell 0 0 0 0 0 0 0 0 0 0 1/1 3:59 0:46 0:00
Nick Mattson 0 0 0 1 0 0 1 0 0 0 0/0 18:37 2:55 1:45
Nick Paul 0 0 0 0 0 0 1 0 0 0 0/0 1:20 0:00 0:57
Nikita Scherbak 0 0 0 0 0 0 0 0 0 0 0/0 6:29 0:00 0:00
Patrick Russell 0 0 0 0 0 0 0 0 0 0 0/0 0:00 0:00 0:00
Petter Granberg 0 0 0 -1 0 0 1 0 0 0 0/0 24:09 4:42 2:13
Ross Johnston 0 0 0 0 0 0 0 0 0 0 0/0 0:00 0:00 0:00
Stefan Matteau 1 1 2 0 0 3 1 0 2 0 2/7 23:51 3:59 1:52
Tanner Richard 1 1 2 0 0 3 2 1 0 0 12/20 18:57 3:52 1:09
Zach Whitecloud 0 0 0 0 0 0 0 0 0 0 0/0 0:00 0:00 0:00
3 Stars
1 - Tanner Richard (Roc)
2 - Stefan Matteau (Roc)
3 - Curtis Lazar (Roc)
Power Play
Punishers - 0 on 2 Attempt(s) - 0.00%
Icehogs - 2 on 4 Attempt(s) - 50.00%
Penalty Kill
Punishers - 2 on 4 Attempt(s) - 50.00%
- Score 0 goal in Penalty Kill
Icehogs - 2 on 2 Attempt(s) - 100.00%
- Score 0 goal in Penalty Kill
Team Stat
Punishers - Hits : 32 - Faceoff Wins : 22 - Blocked Shots : 10 - Penalty Minutes : 19
Icehogs - Hits : 16 - Faceoff Wins : 27 - Blocked Shots : 9 - Penalty Minutes : 4
Official
Referees : Jacob Brenk and Ghislain Hebert
Linesman : Tyson Baker and Derek Nansen
Game Notes
Artem Zub (Pro) for Abuse of Officials (Major / Game Misconduct) at 2:32
Artem Zub ejected from game at 2:32 of 2nd period
Artem Zub from Punishers is suspended for 1 game(s)
Finance
Level 1 -- Attendance: 1978 (98.90%) -- Ticket Income $69,230
Level 2 -- Attendance: 958 (95.80%) -- Ticket Income $14,370
Total Attendance: 2936 (97.87%)
Total Ticket Income: $83,600
Other Income: $4,180
Total Income: $87,780
Punishers
5 vs 5 Forward
Center Left Wing Right Wing Time % Phy DF OF
1 Radek Faksa Tyler Bertuzzi Corey Tropp 40 1 2 2
2 John Quenneville Chrstian Dvorak Carter Ashton 30 1 2 2
3 Nicolas Roy Nikita Gusev Austen Brassard 20 1 2 2
4 Corey Tropp Anton Blidh Alex Schoenborn 10 1 2 2
5 vs 5 Defense
Defense Defense Time % Phy DF OF
1 Ben Betker Artem Zub 40 1 2 2
2 Fredrik Claesson Noah Juulsen 30 1 2 2
3 Connor Clifton Anton Blidh 20 1 2 2
4 Ben Betker Artem Zub 10 1 2 2
PowerPlay Forward
Center Left Wing Right Wing Time % Phy DF OF
1 Radek Faksa Tyler Bertuzzi Corey Tropp 60 1 2 2
2 John Quenneville Chrstian Dvorak Carter Ashton 40 1 2 2
PowerPlay Defense
Defense Defense Time % Phy DF OF
1 Ben Betker Artem Zub 60 1 2 2
2 Fredrik Claesson Noah Juulsen 40 1 2 2
Penalty Kill 4 Players Forward
Center Wing Time % Phy DF OF
1 Corey Tropp Tyler Bertuzzi 60 1 2 2
2 Radek Faksa Carter Ashton 40 1 2 2
Penalty Kill 4 Players Defense
Defense Defense Time % Phy DF OF
1 Ben Betker Artem Zub 60 1 2 2
2 Fredrik Claesson Noah Juulsen 40 1 2 2
Penalty Kill - 3 Players Forward
Forward Time % Phy DF OF
1 Corey Tropp 60 1 2 2
2 Tyler Bertuzzi 40 1 2 2
Penalty Kill - 3 Players Defense
Defense Defense Time % Phy DF OF
1 Ben Betker Artem Zub 60 1 2 2
2 Fredrik Claesson Noah Juulsen 40 1 2 2
4 vs 4 Forward
Center Wing Time % Phy DF OF
1 Corey Tropp Tyler Bertuzzi 60 1 2 2
2 Radek Faksa Carter Ashton 40 1 2 2
4 vs 4 Defense
Defense Defense Time % Phy DF OF
1 Ben Betker Artem Zub 60 1 2 2
2 Fredrik Claesson Noah Juulsen 40 1 2 2
Last Minutes Offensive
Center Left Wing Right Wing Defense Defense
Radek Faksa Tyler Bertuzzi Corey Tropp Ben Betker Artem Zub
Last Minutes Defensive
Center Left Wing Right Wing Defense Defense
Radek Faksa Tyler Bertuzzi Corey Tropp Ben Betker Artem Zub
Goaltenders
Starting : Louis Domingue
Backup : Daniel Altshuller
Extra Forwards
Normal : Alexander Nylander, Gabriel Gagne, Beck Malenstyn - PP : Alexander Nylander, Gabriel Gagne - PK : Beck Malenstyn
Extra Defensemen
Normal : Connor Clifton, Fredrik Claesson, Noah Juulsen - PP : Connor Clifton - PK : Fredrik Claesson, Noah Juulsen
Penalty Shots
Corey Tropp, Tyler Bertuzzi, Radek Faksa, Carter Ashton, John Quenneville
Scratches
Daniel Audette (Healthy), Michael Joly (Herniated Disc Injury), Niko Mikkola (Healthy), Zack Hamill (Bruised Left Arm Injury), Connor Ingram (Healthy)
Icehogs
5 vs 5 Forward
Center Left Wing Right Wing Time % Phy DF OF
1 Tanner Richard Stefan Matteau Curtis Lazar 40 1 2 2
2 Michael Chaput Craig Cunningham Kevin Fiala 30 1 2 2
3 Dillon Dube Andrew Mangiapane Kurtis Gabriel 20 1 2 2
4 Stefan Matteau Mikhail Grigorenko Nikita Scherbak 10 1 2 2
5 vs 5 Defense
Defense Defense Time % Phy DF OF
1 Petter Granberg Ben Harpur 40 1 2 2
2 Nick Mattson Mike Reilly 30 1 2 2
3 Julius Honka Duncan Siemens 20 1 2 2
4 Calle Andersson Jeremy Davies 10 1 2 2
PowerPlay Forward
Center Left Wing Right Wing Time % Phy DF OF
1 Tanner Richard Stefan Matteau Curtis Lazar 60 1 2 2
2 Michael Chaput Craig Cunningham Kevin Fiala 40 1 2 2
PowerPlay Defense
Defense Defense Time % Phy DF OF
1 Petter Granberg Ben Harpur 60 1 2 2
2 Nick Mattson Mike Reilly 40 1 2 2
Penalty Kill 4 Players Forward
Center Wing Time % Phy DF OF
1 Stefan Matteau Craig Cunningham 60 1 2 2
2 Tanner Richard Michael Chaput 40 1 2 2
Penalty Kill 4 Players Defense
Defense Defense Time % Phy DF OF
1 Petter Granberg Ben Harpur 60 1 2 2
2 Nick Mattson Mike Reilly 40 1 2 2
Penalty Kill - 3 Players Forward
Forward Time % Phy DF OF
1 Stefan Matteau 60 1 2 2
2 Craig Cunningham 40 1 2 2
Penalty Kill - 3 Players Defense
Defense Defense Time % Phy DF OF
1 Petter Granberg Ben Harpur 60 1 2 2
2 Nick Mattson Mike Reilly 40 1 2 2
4 vs 4 Forward
Center Wing Time % Phy DF OF
1 Stefan Matteau Craig Cunningham 60 1 2 2
2 Tanner Richard Michael Chaput 40 1 2 2
4 vs 4 Defense
Defense Defense Time % Phy DF OF
1 Petter Granberg Ben Harpur 60 1 2 2
2 Nick Mattson Mike Reilly 40 1 2 2
Last Minutes Offensive
Center Left Wing Right Wing Defense Defense
Tanner Richard Stefan Matteau Curtis Lazar Petter Granberg Ben Harpur
Last Minutes Defensive
Center Left Wing Right Wing Defense Defense
Tanner Richard Stefan Matteau Curtis Lazar Petter Granberg Ben Harpur
Goaltenders
Starting : Joe Cannata
Backup : Mackenzie Blackwood
Extra Forwards
Normal : Myles Bell, Mattias Janmark, Nick Paul - PP : Myles Bell, Mattias Janmark - PK : Nick Paul
Extra Defensemen
Normal : Zach Whitecloud, Julius Honka, Duncan Siemens - PP : Zach Whitecloud - PK : Julius Honka, Duncan Siemens
Penalty Shots
Stefan Matteau, Craig Cunningham, Tanner Richard, Michael Chaput, Andrew Mangiapane
Scratches
Clark Bishop (Healthy), JJ. Piccinich (Healthy), Patrick Sieloff (Bruised Left Arm Injury), Jackson Cates (Healthy), Michael Giugovaz (Healthy)
Jack LaFontaine (Healthy)
% Time on Ice - Punishers
Lines # - Real PCT - Wanted PCT - Time Play
Normal Forward
1 - 32% - 40% - 15:21
2 - 31% - 30% - 14:58
3 - 30% - 20% - 14:26
4 - 8% - 10% - 3:40
Normal Defense
1 - 45% - 40% - 21:48
2 - 27% - 30% - 13:09
3 - 18% - 20% - 8:54
4 - 9% - 10% - 4:34
PP Forward
1 - 54% - 60% - 2:09
2 - 46% - 40% - 1:49
PP Defense
1 - 66% - 60% - 2:38
2 - 34% - 40% - 1:20
PK Forward
1 - 73% - 60% - 5:33
2 - 27% - 40% - 2:04
PK Defense
1 - 86% - 60% - 6:32
2 - 14% - 40% - 1:05
PK3 Forward
1 - 0% - 60%
2 - 0% - 40%
PK3 Defense
1 - 0% - 60%
2 - 0% - 40%
44 Forward
1 - 0% - 60%
2 - 0% - 40%
44 Defense
1 - 0% - 60%
2 - 0% - 40%
Last Minute Offensive - 0:00
Last Minute Defensive - 0:00
Total
Forward - 60:00
Defense - 60:00
|
% Time on Ice - Icehogs
Lines # - Real PCT - Wanted PCT - Time Play
Normal Forward
1 - 30% - 40% - 14:36
2 - 31% - 30% - 14:47
3 - 26% - 20% - 12:33
4 - 13% - 10% - 6:29
Normal Defense
1 - 36% - 40% - 17:14
2 - 29% - 30% - 13:57
3 - 19% - 20% - 9:23
4 - 16% - 10% - 7:51
PP Forward
1 - 59% - 60% - 4:30
2 - 41% - 40% - 3:07
PP Defense
1 - 62% - 60% - 4:42
2 - 38% - 40% - 2:55
PK Forward
1 - 85% - 60% - 3:23
2 - 15% - 40% - 0:35
PK Defense
1 - 56% - 60% - 2:13
2 - 44% - 40% - 1:45
PK3 Forward
1 - 0% - 60%
2 - 0% - 40%
PK3 Defense
1 - 0% - 60%
2 - 0% - 40%
44 Forward
1 - 0% - 60%
2 - 0% - 40%
44 Defense
1 - 0% - 60%
2 - 0% - 40%
Last Minute Offensive - 0:00
Last Minute Defensive - 0:00
Total
Forward - 60:00
Defense - 60:00
|
Play-by-Play
1st period
0:01 of 1st period - Tanner Richard wins face-off versus Radek Faksa in neutral zone.
0:10 of 1st period - Off-side.
0:11 of 1st period - Craig Cunningham wins face-off versus John Quenneville in neutral zone.
0:26 of 1st period - Fredrik Claesson is hit by Michael Chaput and loses puck.
0:37 of 1st period - Kurtis Gabriel is hit by Nicolas Roy.
1:24 of 1st period - Stefan Matteau is hit by Artem Zub and loses puck.
1:40 of 1st period - Off-side.
1:41 of 1st period - Nicolas Roy wins face-off versus Michael Chaput in neutral zone.
1:46 of 1st period - Snap shot by Austen Brassard.
1:46 of 1st period - Shot Misses the Net.
1:56 of 1st period - Wrist shot by Craig Cunningham.
1:56 of 1st period - Stopped by Louis Domingue with a rebound.
2:37 of 1st period - Icing by Mike Reilly.
2:38 of 1st period - Corey Tropp wins face-off versus Stefan Matteau in Icehogs zone.
3:03 of 1st period - Nick Mattson is hit by Nikita Gusev.
3:38 of 1st period - Wrist shot by Stefan Matteau.
3:38 of 1st period - Shot Blocked by John Quenneville.
3:44 of 1st period - Stefan Matteau is hit by Carter Ashton and loses puck.
4:14 of 1st period - Icing by Craig Cunningham.
4:15 of 1st period - Michael Chaput wins face-off versus Radek Faksa in Icehogs zone.
4:26 of 1st period - Snap shot by Andrew Mangiapane.
4:26 of 1st period - Shot Misses the Net.
4:44 of 1st period - Slapshot by Carter Ashton.
4:44 of 1st period - Shot Blocked by Michael Chaput.
4:48 of 1st period - Slapshot by John Quenneville.
4:48 of 1st period - Stopped by Joe Cannata with a rebound.
4:50 of 1st period - Wrist shot by John Quenneville.
4:50 of 1st period - Stopped by Joe Cannata with a rebound.
5:54 of 1st period - Nick Mattson is hit by Noah Juulsen and loses puck.
6:07 of 1st period - Anton Blidh is hit by Kurtis Gabriel.
6:19 of 1st period - Snap shot by Radek Faksa.
6:19 of 1st period - Shot Blocked by Duncan Siemens.
6:35 of 1st period - Julius Honka is hit by Austen Brassard and loses puck.
6:42 of 1st period - Kurtis Gabriel is hit by Nikita Gusev and loses puck.
6:51 of 1st period - Icing by Ben Betker.
6:52 of 1st period - Tanner Richard wins face-off versus Nicolas Roy in Punishers zone.
7:01 of 1st period - Wrist shot by Tanner Richard.
7:01 of 1st period - Shot Misses the Net.
7:03 of 1st period - Wrist shot by Ben Harpur.
7:03 of 1st period - Stopped by Louis Domingue without a rebound.
7:04 of 1st period - Tanner Richard wins face-off versus Radek Faksa in Punishers zone.
8:26 of 1st period - Snap shot by Kurtis Gabriel.
8:26 of 1st period - Stopped by Louis Domingue with a rebound.
8:28 of 1st period - Slapshot by Duncan Siemens.
8:28 of 1st period - Shot Blocked by Tyler Bertuzzi.
8:30 of 1st period - Slapshot by Andrew Mangiapane.
8:30 of 1st period - Deflect By Dillon Dube.
8:30 of 1st period - Stopped by Louis Domingue with a rebound.
8:32 of 1st period - Snap shot by Andrew Mangiapane.
8:32 of 1st period - Stopped by Louis Domingue without a rebound.
8:33 of 1st period - John Quenneville wins face-off versus Tanner Richard in Punishers zone.
9:21 of 1st period - Wrist shot by Mikhail Grigorenko.
9:21 of 1st period - Shot Misses the Net.
9:39 of 1st period - Slapshot by Andrew Mangiapane.
9:39 of 1st period - Stopped by Louis Domingue without a rebound.
9:40 of 1st period - Dillon Dube wins face-off versus Radek Faksa in Punishers zone.
10:05 of 1st period - Ben Betker is hit by Petter Granberg and loses puck.
10:12 of 1st period - Wrist shot by Craig Cunningham.
10:12 of 1st period - Stopped by Louis Domingue without a rebound.
10:13 of 1st period - Radek Faksa wins face-off versus Tanner Richard in Punishers zone.
11:04 of 1st period - Wrist shot by Austen Brassard.
11:04 of 1st period - Shot Blocked by Andrew Mangiapane.
11:08 of 1st period - Snap shot by Nikita Gusev.
11:08 of 1st period - Stopped by Joe Cannata with a rebound.
11:10 of 1st period - Snap shot by Ben Betker.
11:10 of 1st period - Deflect By Austen Brassard.
11:10 of 1st period - Stopped by Joe Cannata without a rebound.
11:11 of 1st period - Radek Faksa wins face-off versus Tanner Richard in Icehogs zone.
11:16 of 1st period - Snap shot by Corey Tropp.
11:16 of 1st period - Stopped by Joe Cannata without a rebound.
11:17 of 1st period - Radek Faksa wins face-off versus Tanner Richard in Icehogs zone.
11:18 of 1st period - Slapshot by Corey Tropp.
11:18 of 1st period - Deflect By Stefan Matteau.
11:18 of 1st period - Shot Misses the Net.
11:18 of 1st period - Puck is out of play.
11:19 of 1st period - Tanner Richard wins face-off versus Radek Faksa in Icehogs zone.
12:11 of 1st period - Slapshot by Stefan Matteau.
12:11 of 1st period - Shot Blocked by Artem Zub.
12:16 of 1st period - Off-side.
12:17 of 1st period - John Quenneville wins face-off versus Michael Chaput in neutral zone.
12:19 of 1st period - Off-side.
12:20 of 1st period - Michael Chaput wins face-off versus John Quenneville in neutral zone.
12:51 of 1st period - Noah Juulsen is hit by Julius Honka and loses puck.
15:39 of 1st period - Off-side.
15:40 of 1st period - John Quenneville wins face-off versus Michael Chaput in neutral zone.
16:04 of 1st period - Ben Betker is hit by Dillon Dube and loses puck.
16:31 of 1st period - Wrist shot by Stefan Matteau.
16:31 of 1st period - Shot Misses the Net.
17:44 of 1st period - Icing by Kevin Fiala.
17:45 of 1st period - Dillon Dube wins face-off versus Radek Faksa in Icehogs zone.
17:45 of 1st period - Dillon Dube is hit by Tyler Bertuzzi.
18:45 of 1st period - Kurtis Gabriel is hit by Noah Juulsen and loses puck.
19:04 of 1st period - Snap shot by Nikita Gusev.
19:04 of 1st period - Stopped by Joe Cannata with a rebound.
19:24 of 1st period - Fredrik Claesson is hit by Stefan Matteau and loses puck.
Goals for this period are 0 for Punishers vs 0 for Icehogs.
Shots for this period are 6 for Punishers vs 7 for Icehogs.
2nd period
0:01 of 2nd period - Tanner Richard wins face-off versus Radek Faksa in neutral zone.
0:12 of 2nd period - Wrist shot by Corey Tropp.
0:12 of 2nd period - Stopped by Joe Cannata with a rebound.
0:14 of 2nd period - Slapshot by Artem Zub.
0:14 of 2nd period - Shot Blocked by Ben Harpur.
0:16 of 2nd period - Wrist shot by Tyler Bertuzzi.
0:16 of 2nd period - Stopped by Joe Cannata with a rebound.
0:28 of 2nd period - Icing by Ben Harpur.
0:29 of 2nd period - Tanner Richard wins face-off versus Nicolas Roy in Icehogs zone.
0:57 of 2nd period - Wrist shot by Michael Chaput.
0:57 of 2nd period - Goal by Michael Chaput - Punishers : 0 - Icehogs : 1.
0:58 of 2nd period - Radek Faksa wins face-off versus Kevin Fiala in neutral zone.
1:13 of 2nd period - Snap shot by Craig Cunningham.
1:13 of 2nd period - Stopped by Louis Domingue with a rebound.
2:00 of 2nd period - Snap shot by Andrew Mangiapane.
2:00 of 2nd period - Stopped by Louis Domingue without a rebound.
2:01 of 2nd period - Tanner Richard wins face-off versus John Quenneville in Punishers zone.
2:04 of 2nd period - Wrist shot by Tanner Richard.
2:04 of 2nd period - Deflect By Curtis Lazar.
2:04 of 2nd period - Stopped by Louis Domingue with a rebound.
2:32 of 2nd period - Major / Game Misconduct Penalty to Artem Zub for Abuse of Officials.
2:32 of 2nd period - Artem Zub is ejected from game.
2:33 of 2nd period - Tanner Richard wins face-off versus Corey Tropp in Punishers zone.
2:33 of 2nd period - Wrist shot by Stefan Matteau.
2:33 of 2nd period - Shot Blocked by Tyler Bertuzzi.
2:35 of 2nd period - Snap shot by Tanner Richard.
2:35 of 2nd period - Goal by Tanner Richard - Punishers : 0 - Icehogs : 2.
2:36 of 2nd period - Tanner Richard wins face-off versus Corey Tropp in neutral zone.
2:50 of 2nd period - Off-side.
2:51 of 2nd period - Corey Tropp wins face-off versus Tanner Richard in neutral zone.
3:38 of 2nd period - Wrist shot by Carter Ashton.
3:38 of 2nd period - Shot Blocked by Tanner Richard.
3:40 of 2nd period - Slapshot by Carter Ashton.
3:40 of 2nd period - Stopped by Joe Cannata without a rebound.
3:41 of 2nd period - Radek Faksa wins face-off versus Michael Chaput in Icehogs zone.
4:50 of 2nd period - Anton Blidh is hit by Tanner Richard and loses puck.
5:07 of 2nd period - Craig Cunningham is hit by Carter Ashton and loses puck.
5:52 of 2nd period - Mike Reilly is hit by Fredrik Claesson and loses puck.
7:01 of 2nd period - Mattias Janmark is hit by Tyler Bertuzzi and loses puck.
7:09 of 2nd period - Icing by Ben Harpur.
7:10 of 2nd period - Mattias Janmark wins face-off versus Carter Ashton in Icehogs zone.
7:32 of 2nd period - Penalty to Artem Zub is over, Beck Malenstyn is send on ice.
7:44 of 2nd period - Wrist shot by Kurtis Gabriel.
7:44 of 2nd period - Stopped by Louis Domingue with a rebound.
7:46 of 2nd period - Slapshot by Andrew Mangiapane.
7:46 of 2nd period - Shot Misses the Net.
7:48 of 2nd period - Snap shot by Julius Honka.
7:48 of 2nd period - Shot Blocked by Nikita Gusev.
7:50 of 2nd period - Wrist shot by Andrew Mangiapane.
7:50 of 2nd period - Shot Misses the Net.
7:52 of 2nd period - Slapshot by Duncan Siemens.
7:52 of 2nd period - Stopped by Louis Domingue with a rebound.
7:54 of 2nd period - Snap shot by Kurtis Gabriel.
7:54 of 2nd period - Stopped by Louis Domingue with a rebound.
8:15 of 2nd period - Icing by Fredrik Claesson.
8:16 of 2nd period - Corey Tropp wins face-off versus Michael Chaput in Punishers zone.
8:41 of 2nd period - Craig Cunningham is hit by Nikita Gusev and loses puck.
8:48 of 2nd period - Craig Cunningham is hit by Nikita Gusev.
8:54 of 2nd period - Wrist shot by Michael Chaput.
8:54 of 2nd period - Stopped by Louis Domingue with a rebound.
9:02 of 2nd period - Michael Chaput is hit by Connor Clifton and loses puck.
9:15 of 2nd period - Wrist shot by Nikita Gusev.
9:15 of 2nd period - Deflect By Austen Brassard.
9:15 of 2nd period - Stopped by Joe Cannata with a rebound.
9:25 of 2nd period - Slapshot by Austen Brassard.
9:25 of 2nd period - Shot Hit the Post.
9:27 of 2nd period - Wrist shot by Austen Brassard.
9:27 of 2nd period - Shot Misses the Net.
9:29 of 2nd period - Wrist shot by Austen Brassard.
9:29 of 2nd period - Shot Blocked by Michael Chaput.
9:52 of 2nd period - Snap shot by Austen Brassard.
9:52 of 2nd period - Stopped by Joe Cannata without a rebound.
9:53 of 2nd period - Curtis Lazar wins face-off versus Radek Faksa in Icehogs zone.
11:05 of 2nd period - Petter Granberg is hit by Alex Schoenborn and loses puck.
13:20 of 2nd period - Anton Blidh is hit by Curtis Lazar and loses puck.
13:42 of 2nd period - Icing by Noah Juulsen.
13:43 of 2nd period - Myles Bell wins face-off versus John Quenneville in Punishers zone.
14:10 of 2nd period - Wrist shot by Michael Chaput.
14:10 of 2nd period - Shot Blocked by Radek Faksa.
14:12 of 2nd period - Slapshot by Nick Mattson.
14:12 of 2nd period - Shot Misses the Net.
14:31 of 2nd period - Off-side.
14:32 of 2nd period - Corey Tropp wins face-off versus Stefan Matteau in neutral zone.
15:25 of 2nd period - Connor Clifton is hit by Dillon Dube and loses puck.
15:37 of 2nd period - Off-side.
15:38 of 2nd period - Radek Faksa wins face-off versus Stefan Matteau in neutral zone.
16:01 of 2nd period - Michael Chaput is hit by Carter Ashton and loses puck.
16:49 of 2nd period - Snap shot by Tanner Richard.
16:49 of 2nd period - Stopped by Louis Domingue with a rebound.
16:51 of 2nd period - Backhand shot by Tanner Richard.
16:51 of 2nd period - Stopped by Louis Domingue without a rebound.
16:52 of 2nd period - Michael Chaput wins face-off versus John Quenneville in Punishers zone.
16:53 of 2nd period - Slapshot by Craig Cunningham.
16:53 of 2nd period - Stopped by Louis Domingue without a rebound.
16:54 of 2nd period - Craig Cunningham wins face-off versus John Quenneville in Punishers zone.
17:41 of 2nd period - Wrist shot by Andrew Mangiapane.
17:41 of 2nd period - Shot Hit the Post.
17:43 of 2nd period - Snap shot by Dillon Dube.
17:43 of 2nd period - Deflect By Kurtis Gabriel.
17:43 of 2nd period - Shot Blocked by Fredrik Claesson.
17:43 of 2nd period - Puck is out of play.
17:44 of 2nd period - Dillon Dube wins face-off versus Nicolas Roy in Punishers zone.
17:47 of 2nd period - Wrist shot by Andrew Mangiapane.
17:47 of 2nd period - Goal by Andrew Mangiapane - Punishers : 0 - Icehogs : 3.
17:48 of 2nd period - Radek Faksa wins face-off versus Tanner Richard in neutral zone.
17:58 of 2nd period - Off-side.
17:59 of 2nd period - Tanner Richard wins face-off versus Radek Faksa in neutral zone.
18:24 of 2nd period - Petter Granberg is hit by Nikita Gusev and loses puck.
18:33 of 2nd period - Wrist shot by Nikita Gusev.
18:33 of 2nd period - Stopped by Joe Cannata with a rebound.
18:35 of 2nd period - Snap shot by Nikita Gusev.
18:35 of 2nd period - Shot Blocked by Kevin Fiala.
19:09 of 2nd period - Snap shot by Corey Tropp.
19:09 of 2nd period - Goal by Corey Tropp - Punishers : 1 - Icehogs : 3.
19:10 of 2nd period - Radek Faksa wins face-off versus Stefan Matteau in neutral zone.
19:10 of 2nd period - Corey Tropp is hit by Nick Mattson and loses puck.
19:15 of 2nd period - Corey Tropp is hit by Curtis Lazar and loses puck.
Goals for this period are 1 for Punishers vs 3 for Icehogs.
Shots for this period are 7 for Punishers vs 13 for Icehogs.
3rd period
0:01 of 3rd period - Stefan Matteau wins face-off versus Radek Faksa in neutral zone.
0:12 of 3rd period - Backhand shot by Stefan Matteau.
0:12 of 3rd period - Stopped by Louis Domingue with a rebound.
0:28 of 3rd period - Slapshot by John Quenneville.
0:28 of 3rd period - Stopped by Joe Cannata with a rebound.
0:32 of 3rd period - Wrist shot by Carter Ashton.
0:32 of 3rd period - Shot Misses the Net.
0:34 of 3rd period - Snap shot by Connor Clifton.
0:34 of 3rd period - Stopped by Joe Cannata with a rebound.
0:36 of 3rd period - Wrist shot by Chrstian Dvorak.
0:36 of 3rd period - Shot Blocked by Michael Chaput.
0:38 of 3rd period - Slapshot by Carter Ashton.
0:38 of 3rd period - Shot Misses the Net.
0:40 of 3rd period - Snap shot by Carter Ashton.
0:40 of 3rd period - Stopped by Joe Cannata with a rebound.
0:46 of 3rd period - Minor Penalty to Michael Chaput for Holding.
0:47 of 3rd period - Stefan Matteau wins face-off versus Radek Faksa in Icehogs zone.
1:03 of 3rd period - Mike Reilly is hit by Tyler Bertuzzi and loses puck.
2:41 of 3rd period - Connor Clifton is hit by Dillon Dube and loses puck.
2:46 of 3rd period - Penalty to Michael Chaput is over, Michael Chaput is back on ice.
2:56 of 3rd period - Petter Granberg is hit by Nikita Gusev and loses puck.
3:09 of 3rd period - Noah Juulsen is hit by Dillon Dube and loses puck.
3:36 of 3rd period - Anton Blidh is hit by Jeremy Davies.
5:12 of 3rd period - Calle Andersson is hit by Fredrik Claesson and loses puck.
6:28 of 3rd period - Icing by Mike Reilly.
6:29 of 3rd period - Michael Chaput wins face-off versus Radek Faksa in Icehogs zone.
6:33 of 3rd period - Off-side.
6:34 of 3rd period - Michael Chaput wins face-off versus Chrstian Dvorak in neutral zone.
6:59 of 3rd period - Stefan Matteau is hit by Tyler Bertuzzi.
7:48 of 3rd period - Wrist shot by Corey Tropp.
7:48 of 3rd period - Shot Blocked by Michael Chaput.
8:04 of 3rd period - Wrist shot by Chrstian Dvorak.
8:04 of 3rd period - Stopped by Joe Cannata without a rebound.
8:05 of 3rd period - Tanner Richard wins face-off versus Chrstian Dvorak in Icehogs zone.
8:22 of 3rd period - Curtis Lazar is hit by John Quenneville and loses puck.
8:54 of 3rd period - Slapshot by Stefan Matteau.
8:54 of 3rd period - Stopped by Louis Domingue with a rebound.
8:58 of 3rd period - Slapshot by Stefan Matteau.
8:58 of 3rd period - Deflect By Curtis Lazar.
8:58 of 3rd period - Stopped by Louis Domingue with a rebound.
9:00 of 3rd period - Snap shot by Stefan Matteau.
9:00 of 3rd period - Shot Misses the Net.
9:02 of 3rd period - Snap shot by Curtis Lazar.
9:02 of 3rd period - Shot Blocked by John Quenneville.
9:04 of 3rd period - Wrist shot by Curtis Lazar.
9:04 of 3rd period - Stopped by Louis Domingue with a rebound.
9:06 of 3rd period - Wrist shot by Curtis Lazar.
9:06 of 3rd period - Stopped by Louis Domingue without a rebound.
9:07 of 3rd period - Radek Faksa wins face-off versus Kevin Fiala in Punishers zone.
9:14 of 3rd period - Snap shot by Michael Chaput.
9:14 of 3rd period - Shot Blocked by Connor Clifton.
9:34 of 3rd period - Andrew Mangiapane is hit by Ben Betker and loses puck.
9:43 of 3rd period - Wrist shot by Andrew Mangiapane.
9:43 of 3rd period - Stopped by Louis Domingue with a rebound.
9:45 of 3rd period - Slapshot by Dillon Dube.
9:45 of 3rd period - Stopped by Louis Domingue without a rebound.
9:46 of 3rd period - Radek Faksa wins face-off versus Michael Chaput in Punishers zone.
9:48 of 3rd period - Minor Penalty to Fredrik Claesson for Hooking.
9:49 of 3rd period - Corey Tropp wins face-off versus Tanner Richard in Punishers zone.
11:48 of 3rd period - Penalty to Fredrik Claesson is over, Fredrik Claesson is back on ice.
12:06 of 3rd period - Andrew Mangiapane is hit by John Quenneville and loses puck.
15:53 of 3rd period - Wrist shot by Michael Chaput.
15:53 of 3rd period - Shot Misses the Net.
15:55 of 3rd period - Snap shot by Myles Bell.
15:55 of 3rd period - Shot Hit the Post.
16:05 of 3rd period - Dillon Dube is hit by Anton Blidh and loses puck.
16:11 of 3rd period - Minor Penalty to Andrew Mangiapane for Interference.
16:12 of 3rd period - Radek Faksa wins face-off versus Stefan Matteau in Icehogs zone.
16:12 of 3rd period - Slapshot by Tyler Bertuzzi.
16:12 of 3rd period - Shot Misses the Net.
16:14 of 3rd period - Snap shot by Corey Tropp.
16:14 of 3rd period - Stopped by Joe Cannata with a rebound.
16:16 of 3rd period - Snap shot by Radek Faksa.
16:16 of 3rd period - Shot Misses the Net.
16:22 of 3rd period - Stefan Matteau is hit by Corey Tropp and loses puck.
16:41 of 3rd period - Nick Mattson is hit by Chrstian Dvorak and loses puck.
16:50 of 3rd period - Slapshot by John Quenneville.
16:50 of 3rd period - Stopped by Joe Cannata with a rebound.
16:52 of 3rd period - Slapshot by Fredrik Claesson.
16:52 of 3rd period - Stopped by Joe Cannata with a rebound.
17:34 of 3rd period - Radek Faksa is hit by Nick Paul and loses puck.
17:59 of 3rd period - Petter Granberg is hit by Corey Tropp and loses puck.
18:11 of 3rd period - Penalty to Andrew Mangiapane is over, Andrew Mangiapane is back on ice.
18:20 of 3rd period - Andrew Mangiapane is hit by Nicolas Roy and loses puck.
18:28 of 3rd period - Craig Cunningham is hit by Connor Clifton and loses puck.
18:45 of 3rd period - Nick Mattson is hit by Fredrik Claesson and loses puck.
19:03 of 3rd period - Snap shot by Kevin Fiala.
19:03 of 3rd period - Shot Misses the Net.
19:05 of 3rd period - Wrist shot by Michael Chaput.
19:05 of 3rd period - Shot Blocked by Radek Faksa.
19:07 of 3rd period - Slapshot by Mike Reilly.
19:07 of 3rd period - Stopped by Louis Domingue without a rebound.
19:08 of 3rd period - Tanner Richard wins face-off versus Radek Faksa in Punishers zone.
19:09 of 3rd period - Wrist shot by Curtis Lazar.
19:09 of 3rd period - Stopped by Louis Domingue with a rebound.
19:11 of 3rd period - Minor Penalty to Anton Blidh for Hooking.
19:12 of 3rd period - Corey Tropp wins face-off versus Tanner Richard in Punishers zone.
19:35 of 3rd period - Corey Tropp is hit by Tanner Richard and loses puck.
19:50 of 3rd period - Backhand shot by Stefan Matteau.
19:50 of 3rd period - Goal by Stefan Matteau - Punishers : 1 - Icehogs : 4.
19:51 of 3rd period - Radek Faksa wins face-off versus Michael Chaput in neutral zone.
19:54 of 3rd period - Snap shot by Fredrik Claesson.
19:54 of 3rd period - Stopped by Joe Cannata with a rebound.
Goals for this period are 0 for Punishers vs 1 for Icehogs.
Shots for this period are 8 for Punishers vs 10 for Icehogs.